 Dungeon Crawl Stone Soup version 0.29-a0-322-g68df515428 (webtiles) character file.

Game seed: 6890729748336477029

151 Bnni the Insei (level 5, -2/34 (35) HPs)
             Began as an Octopode Transmuter on Apr 7, 2022.
             Slain by a gnoll
             ... wielding a +1 flail of draining
              (6 damage)
             ... on level 4 of the Dungeon.
             The game lasted 00:03:58 (2976 turns).

Bnni the Insei (Octopode Transmuter)                Turns: 2976, Time: 00:03:58

HP:   -2/34 (35)    AC:  1    Str: 12    XL:     5   Next: 33%
MP:   7/8           EV: 13    Int: 15    God:
Gold: 186           SH:  0    Dex: 12    Spells: 2/8 levels left

rFire   . . .      SeeInvis .     - Unarmed
rCold   . . .      Faith    .   (no shield)
rNeg    . . .      Spirit   .   (helmet restricted)
rPois   .          Reflect  .   (no amulet)
rElec   .          Harm     .   (no ring)
rCorr   .          Rampage  .   (no ring)
Will    .....                   (no ring)
Stlth   ++........              (no ring)
HPRegen 0.11/turn               (no ring)
MPRegen 0.11/turn               (no ring)
                                (no ring)
                                (no ring)

@: wereblooded, lightly drained
A: almost no armour, amphibious, 8 rings, camouflage 1, gelatinous body 1,
(nimble swimmer 1), tentacles
a: no special abilities


You were on level 4 of the Dungeon.
You visited 1 branch of the dungeon, and saw 4 of its levels.

You collected 186 gold pieces.

Inventory:

Missiles
 f - 2 throwing nets
Jewellery
 m - a +4 ring of protection
Scrolls
 b - a scroll of magic mapping {unknown}
 d - a scroll of holy word {unknown}
 e - 2 scrolls of identify {unknown}
 i - a scroll of immolation {unknown}
Potions
 a - a potion of lignification
 c - 2 potions of degeneration {unknown}
 g - a potion of cancellation {unknown}
 h - a potion of curing {unknown}
 j - a potion of heal wounds {unknown}
 k - a potion of invisibility {unknown}
 l - a potion of flight {unknown}


   Skills:
 + Level 2.4 Fighting
 - Level 2.0 Dodging
 * Level 4.6 Unarmed Combat
 - Level 2.0 Spellcasting
 + Level 3.1 Transmutations


You had 2 spell levels left.
You knew the following spells:

 Your Spells              Type           Power      Damage    Failure   Level
a - Beastly Appendage     Tmut           20%        N/A       6%          1
b - Wereblood             Tmut           10%        N/A       10%         2
c - Spider Form           Tmut/Pois      6%         N/A       34%         3

Your spell library contained the following spells:

 Spells                   Type           Power      Damage    Failure   Level
 Scorch                   Fire           2%         2d5       32%         2
 Ice Form                 Ice/Tmut       6%         N/A       75%         4
 Flame Wave               Conj/Fire      1%         2d4       91%         4
 Summon Cactus Giant      Summ           0%         N/A       100%        6


Dungeon Overview and Level Annotations

Branches:
Dungeon (4/15)
 Temple: D:4-7

Altars:
Xom


Innate Abilities, Weirdness & Mutations

You cannot wear most types of armour.
You are amphibious.
You can wear up to eight rings at the same time.
Your skin changes colour to match your surroundings (Stealth+).
Your rubbery body absorbs attacks. (AC +1, EV +1)
((You are camouflaged when in or above water. (Stealth+)))
You have tentacles for arms and can constrict up to eight enemies at once.


Message History

The gnoll is severely wounded.
You constrict the gnoll. The gnoll closely misses you.
You tentacle-slap the gnoll.
You squeeze the gnoll, but do no damage.
The gnoll is severely wounded.
You constrict the gnoll. The gnoll hits you with a +0 flail.
You tentacle-slap the gnoll.
You feel a bit better.
You kill the gnoll!
A gnoll comes into view. It is wielding a +1 flail of draining.
Things that are here:
a +0 flail; a gnoll corpse A gnoll comes into view.
It is wielding a +0 halberd.
Found a black potion.
A gnoll comes into view. It is wielding a +0 flail.
Found a stone staircase leading up.
The gnoll shouts! x2
The gnoll barely misses you. x2
There is a stone staircase leading up here.
You barely miss the gnoll. You grab the gnoll.
You constrict the gnoll, but do no damage.
The gnoll hits you with a +0 halberd. The gnoll closely misses you.
The gnoll completely misses you.
You completely miss the gnoll. You constrict the gnoll.
The gnoll barely misses you. The gnoll closely misses you.
The gnoll hits you with a +0 flail!
You completely miss the gnoll. You squeeze the gnoll!
The gnoll is severely wounded.
You constrict the gnoll.
The gnoll hits you with a +1 flail of draining!
You feel drained. The gnoll barely misses you.
The gnoll hits you with a +0 flail!
* * * LOW HITPOINT WARNING * * *
Okay, then.
You tentacle-slap the gnoll but do no damage.
Your squeeze misses the gnoll.
The gnoll is almost dead.
You constrict the gnoll.
You feel a bit better.
You kill the gnoll!
The gnoll hits you with a +1 flail of draining.
You die...

##...#...........
##..............
#...............
###....)........
#..........#..
#........### .
###.......#
#...####..# ##.@.#
#.# #...g)g.....[.
#...............
#.....####........
...... ........
.....! .##< #.....
.# #.#..


You could see 2 gnolls.

Vanquished Creatures
  Robin (D:2)
  2 gnolls (D:4)
  5 adders
  4 dart slugs
  An orc (D:3)
  6 endoplasms
  6 giant cockroaches
  4 hobgoblins
  3 jackals (D:1)
  7 kobolds
  5 ball pythons
  4 bats
  A frilled lizard (D:2)
  17 goblins
  6 rats
  A spectral goblin (D:1)
73 creatures vanquished.

Notes
Turn   | Place    | Note
-------+----------+-------------------------------------------
     0 | D:1      | Bnni the Octopode Transmuter began the quest for the Orb.
     0 | D:1      | Reached XP level 1. HP: 13/13 MP: 3/3
   131 | D:1      | Found a faded altar of an unknown god.
   243 | D:1      | Reached XP level 2. HP: 18/18 MP: 5/5
   246 | D:1      | Learned a level 2 spell: Wereblood
   824 | D:1      | Reached XP level 3. HP: 18/23 MP: 6/6
  1491 | D:2      | Reached skill level 4 in Unarmed Combat
  1491 | D:2      | Reached XP level 4. HP: 19/29 MP: 7/7
  1495 | D:2      | Learned a level 3 spell: Spider Form
  2022 | D:2      | Noticed Robin
  2035 | D:2      | Killed Robin
  2365 | D:2      | Reached XP level 5. HP: 33/34 MP: 8/8
  2596 | D:3      | Found a shimmering altar of Xom.
  2950 | D:3      | You fall into a shaft and drop 1 floor!
  2975 | D:4      | HP: 1/34 [gnoll/+0 flail (10)]
  2976 | D:4      | Slain by a gnoll

Illustrated notes

Levels and vault maps discovered:
D:1:      dpeg_arrival_castle, layout_basic,
          dreamdust_ecumenical_altar_drowned_temple,
          chequers_serial_rivers_small_b, st_stairs_12, hex_tiny
D:2:      layout_loops_corners, minmay_pentomino_x2, uniq_robin
D:3:      layout_loops_ring, tgw_xom
D:4:      layout_cave_pools, gammafunk_temple_overflow_wave, lemuel_round_altar,
          zin_scriptorium, minmay_temple_entry_ruins, gup_sewer_entry_bubbles

Skill      XL: |  1  2  3  4  5 |
---------------+----------------+-----
Fighting       | 2 |  2.4
Unarmed Combat | 4 |  4.6
Transmutations | 3 |  3.1
Dodging        | |  2.0
Spellcasting   | |  2.0

Action                   |  1- 3 |  4- 6 || total
-------------------------+-------+-------++-------
Melee: Unarmed           |    72 |    81 ||   153
       Constrict         |    18 |    21 ||    39
       Tentacles         |    11 |    16 ||    27
       Punch             |     3 |     3 ||     6
       Kick              |       |     4 ||     4
 Cast: Beastly Appendage |     1 |     1 ||     2
       Wereblood         |       |     6 ||     6
 Stab: Sleeping          |     8 |     3 ||    11
Armor: Skin              |     2 |     7 ||     9
Dodge: Dodged            |    53 |    57 ||   110

Table legend: (Time is in decaauts)
 A = Elapsed time spent in this place.
 B = Non-inter-level travel time spent in this place.
 C = Inter-level travel time spent in this place.
 D = Time resting spent in this place.
 E = Time spent auto-exploring this place.
 F = Levels seen in this place.
 G = Mean time per level.
                   A        B        C        D        E       F      G
               +--------+--------+--------+--------+--------+-----+--------+
         Total |   2963 |   2930 |     33 |      0 |   2523 |   4 |  740.8 |
       Dungeon |   2963 |   2930 |     33 |      0 |   2523 |   4 |  740.8 |
               +--------+--------+--------+--------+--------+-----+--------+

Top non-repeatable levels by time:
     D:2: 1290 daAuts
     D:1: 1269 daAuts
     D:3: 378 daAuts
     D:4: 25 daAuts
